 Dungeon Crawl Stone Soup version 0.27.1-1-g398f81649c (webtiles) character file.

Game seed: 6830557845657701627

37 zdrol the Skirmisher (level 3, -2/34 HPs)
             Began as a Minotaur Fighter on Sept 6, 2021.
             Slain by Sigmund (6 damage)
             ... on level 2 of the Dungeon.
             The game lasted 00:04:37 (866 turns).

zdrol the Skirmisher (Minotaur Fighter)              Turns: 866, Time: 00:04:38

Health: -2/34      AC:  8    Str: 21    XL:     3   Next: 23%
Magic:  2/2        EV:  7    Int:  5    God:
Gold:   70         SH:  0    Dex:  9    Spells: 2/2 levels left

rFire    . . .     SeeInvis .   a - +0 flail
rCold    . . .     Faith    .   c - +0 kite shield
rNeg     . . .     Spirit   .   b - +0 scale mail
rPois    .         Reflect  .   (helmet restricted)
rElec    .         Harm     .   (no cloak)
rCorr    .         Rampage  .   g - +0 pair of gloves
Will     .....                  (no boots)
Stlth    ..........             (no amulet)
HPRegen  0.11/turn              (no ring)
MPRegen  0.08/turn              (no ring)

@: confused
A: horns 2, retaliatory headbutt
a: no special abilities


You were on level 2 of the Dungeon.
You visited 1 branch of the dungeon, and saw 3 of its levels.

You collected 70 gold pieces.

Inventory:

Hand Weapons
 a - a +0 flail (weapon)
Missiles
 h - 6 boomerangs (quivered)
Armour
 b - a +0 scale mail (worn)
 c - a +0 kite shield (worn)
 g - a +0 pair of gloves (worn)
Scrolls
 e - a scroll of identify {unknown}
 f - 2 scrolls of holy word
Potions
 d - a potion of might
 i - a potion of haste {unknown}
 j - a potion of brilliance {unknown}
 k - a potion of heal wounds {unknown}


   Skills:
 * Level 4.3 Fighting
 * Level 3.2 Maces & Flails
 - Level 3.8 Armour
 * Level 0.7 Stealth
 - Level 3.7 Shields


You had 2 spell levels left.
You didn't know any spells.
Your spell library was empty.

Dungeon Overview and Level Annotations

Branches:
Dungeon (3/15)

Altars:

Annotations:
D:2 Sigmund


Innate Abilities, Weirdness & Mutations

You have a pair of horns on your head.
You reflexively headbutt those who attack you in melee.


Message History

Throw: 7 boomerangs
Press: ? - help, Q - select action Shift-Dir - straight line, f/p - Sigmund
Aim: Sigmund, wielding a +0 scythe and wearing a +0 robe (lightly wounded, 52% to hit)
You throw a boomerang. The boomerang hits Sigmund.
Sigmund is lightly wounded.
Sigmund casts a spell at you. The magic dart hits you.
Sigmund gestures at you while chanting. You resist with significant effort.
Throw: 7 boomerangs
Press: ? - help, Q - select action Shift-Dir - straight line, f/p - Sigmund
Aim: Sigmund, wielding a +0 scythe and wearing a +0 robe (lightly wounded, 52% to hit)
You throw a boomerang. The boomerang closely misses Sigmund.
Sigmund points at you and mumbles some strange words.
You are confused.
You bump into the rock wall.
Non-targeted confused throw: 7 boomerangs
Press: ? - help, Q - select action Dir - look around, f - activate You throw a boomerang.
Sigmund casts a spell at you. The magic dart hits you.
Sigmund hits you from afar with a +0 scythe.
You bump into the rock wall.
Sigmund gestures wildly while chanting.
Sigmund flickers and vanishes!
Deactivating autopickup; reactivate with Ctrl-A.
You completely miss something.
You hear some strange, mumbled words.
A puff of flame appears from out of thin air!
The puff of flame hits you.
* * * LOW HITPOINT WARNING * * *
Something hits you.
* * * LOW HITPOINT WARNING * * *
You bump into the rock wall.
You bump into the rock wall.
You feel less confused.
You hear some strange, mumbled words.
You are confused.
You bump into the rock wall.
Something hits you.
You die...

...#.....#.## #..#
...#.....#..## #..#
...'.....'...# #..#
#..#..)..#.... #..#
##.#.....#.....#..#
# ###'####....#.##
#.....###...'.#
##.....###..#{#
##.....###.#@#
##.....## #.#
##.....###.#
#######'####..#
........).....#
###############


There were no monsters in sight!

Vanquished Creatures
  An adder (D:2)
  An adder zombie (D:3)
  A worm (D:2)
  An endoplasm (D:2)
  A giant cockroach (D:2)
  A hobgoblin (D:2)
  3 quokkas
  2 ball pythons (D:1)
  A ball python skeleton (D:3)
  A bat (D:1)
  3 frilled lizards
  3 goblins
  3 kobolds
  3 rats
25 creatures vanquished.

Notes
Turn   | Place    | Note
-------+----------+-------------------------------------------
     0 | D:1      | zdrol the Minotaur Fighter began the quest for the Orb.
     0 | D:1      | Reached XP level 1. HP: 19/19 MP: 0/0
   121 | D:1      | Found a faded altar of an unknown god.
   312 | D:1      | Reached XP level 2. HP: 27/27 MP: 1/1
   649 | D:2      | You fall into a shaft and drop 1 floor!
   664 | D:3      | Reached skill level 4 in Fighting
   788 | D:2      | Reached XP level 3. HP: 22/33 MP: 2/2
   838 | D:2      | Noticed Sigmund
   866 | D:2      | Slain by Sigmund

Illustrated notes

Levels and vault maps discovered:
D:1:      lemuel_arrival_behind_the_door_large, layout_basic,
          hellmonk_ecumenical_altar_arch_garden, minmay_tromino_v4_b
D:2:      layout_loops_ring, chequers_avenue, minmay_quadrilaterals,
          uniq_sigmund
D:3:      layout_basic, hellmonk_ghost_happy_afterlife, serial_undead,
          serial_undead_d, serial_undead_d, serial_undead_b, serial_undead_e,
          uniq_grinder

Skill      XL: |  1  2 |
---------------+-------+-----
Fighting       | 4 |  4.3
Maces & Flails | 3 |  3.2
Armour         | |  3.8
Stealth        | |  0.7
Shields        | |  3.7

Action                   || total
-------------------------++-------
Melee: Flail             ||    49
       Headbutt          ||     8
Throw: Boomerang         ||     4
  Use: Scroll            ||     4
Armor: Scale mail        ||    21
Dodge: Dodged            ||    10
Block: Kite shield       ||    23
